| TOP OF THE 1ST |
|---|
| North Carolina Tar Heels batting - Pitching for Wake Forest Demon Deacons : RHP Bobby Phillips | | Pitching: RHP Bobby Phillips | | | Batting: LHB Rusty McCrum | 0-0: Ball 1-0: SINGLE (Groundball, 34D) | | Batting: RHB Jose Quintero | 0-0: Called Strike 0-1: Ball 1-1: DOUBLE (Line Drive, 8RD) Rusty McCrum to third | | Batting: RHB Phil Bailey | 0-0: Ground out 6-3 (Groundball, 6) Rusty McCrum scores | | Batting: RHB Josh Grimes | 0-0: Called Strike 0-1: Called Strike 0-2: Ground out 6-3 (Groundball, 6) | | Batting: LHB Brad Ratliff | 0-0: Ball 1-0: Called Strike 1-1: Fly out, F9 (Flyball, 9) | | Top of the 1st over - 1 run(s), 2 hit(s), 0 error(s), 1 left on base; North Carolina 1 - Wake Forest 0 | | BOTTOM OF THE 1ST |
|---|
| Wake Forest Demon Deacons batting - Pitching for North Carolina Tar Heels : LHP Trevor Faugno | | Pitching: LHP Trevor Faugno | | | Batting: RHB Mike Rider | 0-0: Called Strike 0-1: Called Strike 0-2: Ball 1-2: Ball 2-2: Foul Ball, location: 2F 2-2: Foul Ball, location: 2F 2-2: Ball 3-2: SINGLE (Line Drive, 9) | | Batting: LHB Mark Schumann | 0-0: Ball 1-0: Fly out, F8 (Flyball, 8LS) | | Batting: RHB Leo Reynaga | 0-0: Called Strike 0-1: Foul Ball, location: 2F 0-2: Fly out, F3 (Line Drive, 34S) Lined into DP, U3 (Line Drive, 34S) | | Bottom of the 1st over - 0 run(s), 1 hit(s), 0 error(s), 0 left on base; North Carolina 1 - Wake Forest 0 | | TOP OF THE 2ND |
|---|
| North Carolina Tar Heels batting - Pitching for Wake Forest Demon Deacons : RHP Bobby Phillips | | Batting: RHB Alex Yarbrough | 0-0: Fly out, F5 (Popup, 56) | | Batting: RHB Chris Lee | 0-0: Ball 1-0: Called Strike 1-1: DOUBLE (Flyball, 8LXD) | | Batting: RHB Jeff Levine | 0-0: Ball 1-0: Ball 2-0: Foul Ball, location: 2F 2-1: Fly out, F7 (Flyball, 7S) | | Batting: RHB Steve Sherrod | 0-0: Ball 1-0: Ball 2-0: Foul Ball, location: 2F 2-1: Swinging Strike 2-2: 2-RUN HOME RUN (Flyball, 89D), Distance : 413 ft | | Batting: LHB Rusty McCrum | 0-0: Fly out, F8 (Flyball, 78M) | | Top of the 2nd over - 2 run(s), 2 hit(s), 0 error(s), 0 left on base; North Carolina 3 - Wake Forest 0 | | BOTTOM OF THE 2ND |
|---|
| Wake Forest Demon Deacons batting - Pitching for North Carolina Tar Heels : LHP Trevor Faugno | | Batting: RHB Jesse Stone | 0-0: Ball 1-0: Ball 2-0: Ball 3-0: Called Strike 3-1: Foul Ball, location: 2F 3-2: Strikes out swinging | | Batting: LHB Pete Lau | 0-0: Foul Ball, location: 2F 0-1: Called Strike 0-2: Foul Ball, location: 2F 0-2: Ball 1-2: Ball 2-2: Strikes out looking | | Batting: RHB Chris Walker | 0-0: Ball 1-0: Called Strike 1-1: Called Strike 1-2: Ball 2-2: Strikes out swinging | | Bottom of the 2nd over - 0 run(s), 0 hit(s), 0 error(s), 0 left on base; North Carolina 3 - Wake Forest 0 | | TOP OF THE 3RD |
|---|
| North Carolina Tar Heels batting - Pitching for Wake Forest Demon Deacons : RHP Bobby Phillips | | Batting: RHB Jose Quintero | 0-0: Ball 1-0: Ball 2-0: Ground out U3 (Groundball, 34) | | Batting: RHB Phil Bailey | 0-0: Ball 1-0: SINGLE (Groundball, 6D) | | Batting: RHB Josh Grimes | 0-0: Ball 1-0: Called Strike 1-1: Ball Throwing error on steal attempt, E2 Phil Bailey to third 2-1: Called Strike 2-2: Foul Ball, location: 2F 2-2: Foul Ball, location: 2F 2-2: Foul Ball, location: 2F 2-2: Strikes out swinging | | Batting: LHB Brad Ratliff | 0-0: Ball 1-0: Foul Ball, location: 2F 1-1: Ball Wild Pitch! Phil Bailey scores 2-1: Foul Ball, location: 2F 2-2: Ground out 1-4-3 (Groundball, 15S) | | Top of the 3rd over - 1 run(s), 1 hit(s), 1 error(s), 0 left on base; North Carolina 4 - Wake Forest 0 | | BOTTOM OF THE 3RD |
|---|
| Wake Forest Demon Deacons batting - Pitching for North Carolina Tar Heels : LHP Trevor Faugno | | Batting: SHB Dustin Overstreet | 0-0: Foul Ball, location: 2F 0-1: Foul Ball, location: 2F 0-2: Ball 1-2: Ball 2-2: Strikes out swinging | | Batting: RHB Caleb Doubleday | 0-0: Ball 1-0: Foul Ball, location: 2F 1-1: Ground out 4-3 (Groundball, 4) | | Batting: RHB Chris Heron | 0-0: Called Strike 0-1: Ball 1-1: Ball 2-1: Fly out, F9 (Flyball, 89D) | | Bottom of the 3rd over - 0 run(s), 0 hit(s), 0 error(s), 0 left on base; North Carolina 4 - Wake Forest 0 | | TOP OF THE 4TH |
|---|
| North Carolina Tar Heels batting - Pitching for Wake Forest Demon Deacons : RHP Bobby Phillips | | Batting: RHB Alex Yarbrough | 0-0: Called Strike 0-1: Ball 1-1: Ball 2-1: Ground out 5-3 (Groundball, 56) | | Batting: RHB Chris Lee | 0-0: Called Strike 0-1: Ball 1-1: Called Strike 1-2: Strikes out swinging, 2-3 out at first. | | Batting: RHB Jeff Levine | 0-0: Foul Ball, location: 2F 0-1: Fly out, F4 (Popup, 4) | | Top of the 4th over - 0 run(s), 0 hit(s), 0 error(s), 0 left on base; North Carolina 4 - Wake Forest 0 | | BOTTOM OF THE 4TH |
|---|
| Wake Forest Demon Deacons batting - Pitching for North Carolina Tar Heels : LHP Trevor Faugno | | Batting: RHB Mike Rider | 0-0: Ball 1-0: Swinging Strike 1-1: Ball 2-1: Ball 3-1: Base on Balls | | Batting: LHB Mark Schumann | 0-0: Called Strike 0-1: Ball 1-1: Grounds into double play, 4-6-3 (Groundball, 4) | | Batting: RHB Leo Reynaga | 0-0: Foul Ball, location: 2F 0-1: Ground out 4-3 (Groundball, 4) | | Bottom of the 4th over - 0 run(s), 0 hit(s), 0 error(s), 0 left on base; North Carolina 4 - Wake Forest 0 | | TOP OF THE 5TH |
|---|
| North Carolina Tar Heels batting - Pitching for Wake Forest Demon Deacons : RHP Bobby Phillips | | Batting: RHB Steve Sherrod | 0-0: Ball 1-0: Ball 2-0: Foul Ball, location: 2F 2-1: Called Strike 2-2: Ball 3-2: Ground out 5-3 (Groundball, 56) | | Batting: LHB Rusty McCrum | 0-0: Ball 1-0: Ball 2-0: Called Strike 2-1: Called Strike 2-2: Strikes out looking | | Batting: RHB Jose Quintero | 0-0: Foul Ball, location: 2F 0-1: Called Strike 0-2: Ball 1-2: Ground out 4-3 (Groundball, 4) | | Top of the 5th over - 0 run(s), 0 hit(s), 0 error(s), 0 left on base; North Carolina 4 - Wake Forest 0 | | BOTTOM OF THE 5TH |
|---|
| Wake Forest Demon Deacons batting - Pitching for North Carolina Tar Heels : LHP Trevor Faugno | | Batting: RHB Jesse Stone | 0-0: Foul Ball, location: 2F 0-1: Fly out, F8 (Flyball, 8LM) | | Batting: LHB Pete Lau | 0-0: Ball 1-0: SINGLE (Flyball, 89S) | | Batting: RHB Chris Walker | 0-0: Foul Ball, location: 2F 0-1: Fielders Choice at 2nd, 6-4 (Groundball, 6) | | Batting: SHB Dustin Overstreet | 0-0: Ball 1-0: Ball 2-0: Ball 3-0: Foul Ball, location: 2F 3-1: Ground out 4-3 (Groundball, 4S) | | Bottom of the 5th over - 0 run(s), 1 hit(s), 0 error(s), 1 left on base; North Carolina 4 - Wake Forest 0 | | TOP OF THE 6TH |
|---|
| North Carolina Tar Heels batting - Pitching for Wake Forest Demon Deacons : RHP Bobby Phillips | | Batting: RHB Phil Bailey | 0-0: Ball 1-0: Ball 2-0: Swinging Strike 2-1: Foul Ball, location: 2F 2-2: Ground out 4-3 (Groundball, 4S) | | Batting: RHB Josh Grimes | 0-0: Ball 1-0: Foul Ball, location: 2F 1-1: Ball 2-1: SINGLE (Line Drive, 56D) | | Batting: LHB Brad Ratliff | 0-0: Called Strike Josh Grimes steals 2nd base 0-1: Ball 1-1: Ball 2-1: Called Strike 2-2: Ball 3-2: Ground out 4-3 (Groundball, 4) Josh Grimes to third | | Pitching: RHP John Haile | | | Batting: RHB Alex Yarbrough | 0-0: Called Strike 0-1: 2-RUN HOME RUN (Flyball, 89XD), Distance : 438 ft | | Batting: RHB Chris Lee | 0-0: Called Strike 0-1: SINGLE (Groundball, 34D) | | Batting: RHB Jeff Levine | 0-0: Called Strike 0-1: Ball 1-1: Ball 2-1: Ball 3-1: Base on Balls Chris Lee to second | | Batting: RHB Steve Sherrod | 0-0: Ball 1-0: Ball 2-0: Ball 3-0: Called Strike 3-1: Fly out, F8 (Flyball, 89M) | | Top of the 6th over - 2 run(s), 3 hit(s), 0 error(s), 2 left on base; North Carolina 6 - Wake Forest 0 | | BOTTOM OF THE 6TH |
|---|
| Wake Forest Demon Deacons batting - Pitching for North Carolina Tar Heels : LHP Trevor Faugno | | Batting: RHB Caleb Doubleday | 0-0: Ground out 5-3 (Groundball, 56) | | Batting: RHB Chris Heron | 0-0: Foul Ball, location: 2F 0-1: Ground out 3-1 (Groundball, 34) | | Batting: RHB Mike Rider | 0-0: Ball 1-0: SINGLE (Line Drive, 78S) | | Batting: LHB Mark Schumann | 0-0: Ball 1-0: SINGLE (Groundball, 6D) Mike Rider to second | | Batting: RHB Leo Reynaga | 0-0: Called Strike 0-1: Ground out 5-3 (Groundball, 5S) | | Bottom of the 6th over - 0 run(s), 2 hit(s), 0 error(s), 2 left on base; North Carolina 6 - Wake Forest 0 | | TOP OF THE 7TH |
|---|
| North Carolina Tar Heels batting - Pitching for Wake Forest Demon Deacons : RHP John Haile | | Batting: LHB Rusty McCrum | 0-0: Ball 1-0: Reached on error, E4 (Groundball, 4) | | Batting: RHB Jose Quintero | 0-0: Called Strike 0-1: Ball 1-1: Fielders Choice at 2nd, 6-4 (Groundball, 6) | | Batting: RHB Phil Bailey | 0-0: Called Strike 0-1: Ball 1-1: Foul Ball, location: 2F 1-2: Ball 2-2: Ball 3-2: Base on Balls Jose Quintero to second | | Batting: RHB Josh Grimes | 0-0: Ball 1-0: Foul Ball, location: 2F 1-1: Ball 2-1: Foul Ball, location: 2F 2-2: Strikes out swinging | | Batting: LHB Brad Ratliff | 0-0: Called Strike 0-1: Swinging Strike 0-2: Strikes out swinging | | Top of the 7th over - 0 run(s), 0 hit(s), 1 error(s), 2 left on base; North Carolina 6 - Wake Forest 0 | | BOTTOM OF THE 7TH |
|---|
| Wake Forest Demon Deacons batting - Pitching for North Carolina Tar Heels : LHP Trevor Faugno | | Batting: RHB Jesse Stone | 0-0: Called Strike 0-1: Ground out 1-3 (Groundball, 13S) | | Batting: LHB Pete Lau | 0-0: Ball 1-0: Ground out 3-1 (Groundball, 34S) | | Batting: RHB Chris Walker | 0-0: Called Strike 0-1: Swinging Strike 0-2: Fly out, F8 (Line Drive, 8RM) | | Bottom of the 7th over - 0 run(s), 0 hit(s), 0 error(s), 0 left on base; North Carolina 6 - Wake Forest 0 | | TOP OF THE 8TH |
|---|
| North Carolina Tar Heels batting - Pitching for Wake Forest Demon Deacons : RHP John Haile | | Batting: RHB Alex Yarbrough | 0-0: Fly out, F4 (Line Drive, 4M) | | Batting: RHB Chris Lee | 0-0: SINGLE (Line Drive, 56) | | Batting: RHB Jeff Levine | 0-0: Ball 1-0: Called Strike 1-1: Ball 2-1: Ball 3-1: Foul Ball, location: 2F 3-2: Strikes out swinging | | Batting: RHB Steve Sherrod | 0-0: Called Strike 0-1: Ball 1-1: Ball 2-1: Called Strike 2-2: Ball 3-2: Fly out, F7 (Flyball, 7S) | | Top of the 8th over - 0 run(s), 1 hit(s), 0 error(s), 1 left on base; North Carolina 6 - Wake Forest 0 | | BOTTOM OF THE 8TH |
|---|
| Wake Forest Demon Deacons batting - Pitching for North Carolina Tar Heels : LHP Trevor Faugno | | Batting: SHB Dustin Overstreet | 0-0: Ball 1-0: Called Strike 1-1: Ball 2-1: Called Strike 2-2: Foul Ball, location: 2F 2-2: Ball 3-2: Ground out 4-3 (Groundball, 34) | | Pitching: RHP Rafael Galindo | | | Batting: RHB Caleb Doubleday | 0-0: Ball 1-0: Foul Ball, location: 2F 1-1: Foul Ball, location: 2F 1-2: Foul Ball, location: 2F 1-2: Fly out, F4 (Popup, 34) | | Batting: RHB Chris Heron | 0-0: Ball 1-0: Ball 2-0: Ball 3-0: Base on Balls | | Batting: RHB Mike Rider | 0-0: SINGLE (Line Drive, 4MD) Chris Heron to second | | Batting: LHB Mark Schumann | 0-0: Called Strike 0-1: Ball 1-1: Ground out 5-3 (Groundball, 56) | | Bottom of the 8th over - 0 run(s), 1 hit(s), 0 error(s), 2 left on base; North Carolina 6 - Wake Forest 0 | | TOP OF THE 9TH |
|---|
| North Carolina Tar Heels batting - Pitching for Wake Forest Demon Deacons : RHP John Haile | | Batting: LHB Rusty McCrum | 0-0: Ball 1-0: Called Strike 1-1: Called Strike 1-2: Strikes out swinging | | Batting: RHB Jose Quintero | 0-0: Ball 1-0: Called Strike 1-1: Foul Ball, location: 2F 1-2: Ball 2-2: Foul Ball, location: 2F 2-2: Ball 3-2: Base on Balls | | Batting: RHB Phil Bailey | 0-0: Ball 1-0: Foul Ball, location: 2F 1-1: Swinging Strike 1-2: Ball 2-2: Strikes out swinging | | Batting: RHB Josh Grimes | 0-0: Ball 1-0: Foul Ball, location: 2F 1-1: SINGLE (Line Drive, 7LM) Jose Quintero to second | | Batting: LHB Brad Ratliff | 0-0: Ball 1-0: Foul Ball, location: 2F 1-1: Foul Ball, location: 2F 1-2: Foul Ball, location: 2F 1-2: Ball 2-2: Strikes out swinging | | Top of the 9th over - 0 run(s), 1 hit(s), 0 error(s), 2 left on base; North Carolina 6 - Wake Forest 0 | | BOTTOM OF THE 9TH |
|---|
| Wake Forest Demon Deacons batting - Pitching for North Carolina Tar Heels : RHP Rafael Galindo | | Batting: RHB Leo Reynaga | 0-0: Ball 1-0: Ball 2-0: Ball 3-0: Called Strike 3-1: Foul Ball, location: 2F 3-2: Foul Ball, location: 2F 3-2: SINGLE (Line Drive, 4MD) | | Batting: RHB Jesse Stone | 0-0: Foul Ball, location: 2F 0-1: Swinging Strike 0-2: Foul Ball, location: 2F 0-2: Foul Ball, location: 2F 0-2: Strikes out swinging | | Batting: LHB Pete Lau | 0-0: Called Strike 0-1: Foul Ball, location: 2F 0-2: SINGLE (Line Drive, 4MD) Leo Reynaga to second | | Batting: RHB Chris Walker | 0-0: Ball 1-0: Grounds into double play, 4-6-3 (Groundball, 4) | | Bottom of the 9th over - 0 run(s), 2 hit(s), 0 error(s), 1 left on base; North Carolina 6 - Wake Forest 0 | |